 Dungeon Crawl Stone Soup version 0.27-a0-1597-ge58577e147 (webtiles) character file.

Game seed: 5803749216791396950

2 MirrMurr the Thrower (level 1, -2/20 HPs)
             Began as a Gnoll Hunter on July 21, 2021.
             Succumbed to a goblin's poison
             ... on level 1 of the Dungeon.
             The game lasted 00:00:11 (116 turns).

MirrMurr the Thrower (Gnoll Hunter)                  Turns: 116, Time: 00:00:12

Health: -2/20      AC:  3    Str: 11    XL:     1   Next: 30%
Magic:  1/1        EV: 12    Int: 10    God:
Gold:   0          SH:  0    Dex: 12    Spells: 0/0 levels left

rFire    . . .     SeeInvis .   a - +0 short sword
rCold    . . .     Faith    .   (no shield)
rNeg     . . .     Spirit   .   b - +0 leather armour
rPois    .         Reflect  .   (no helmet)
rElec    .         Harm     .   (no cloak)
rCorr    .         Rampage  .   (no gloves)
Will     .....                  (no boots)
Stlth    ++........             (no amulet)
HPRegen  0.06/turn              (no ring)
MPRegen  0.07/turn              (no ring)

@: lethally poisoned (-2 -> -22)
A: fangs 1, strong nose, distributed training
a: no special abilities


You were on level 1 of the Dungeon.
You visited 1 branch of the dungeon, and saw 1 of its levels.

Inventory:

Hand Weapons
 a - a +0 short sword (weapon)
Missiles
 c - 6 javelins (quivered)
 d - 2 throwing nets
Armour
 b - a +0 leather armour (worn)


   Skills:
 + Level 4.4 Fighting
 + Level 0.0 Short Blades
 + Level 0.0 Long Blades
 + Level 0.0 Axes
 + Level 0.0 Maces & Flails
 + Level 0.0 Polearms
 + Level 0.0 Staves
 + Level 0.0 Slings
 + Level 0.0 Bows
 + Level 0.0 Crossbows
 + Level 8.4 Throwing
 + Level 0.0 Armour
 + Level 4.4 Dodging
 + Level 2.1 Stealth
 + Level 0.0 Shields
 + Level 0.0 Unarmed Combat
 + Level 0.0 Spellcasting
 + Level 0.0 Conjurations
 + Level 0.0 Hexes
 + Level 0.0 Summonings
 + Level 0.0 Necromancy
 + Level 0.0 Translocations
 + Level 0.0 Transmutations
 + Level 0.0 Fire Magic
 + Level 0.0 Ice Magic
 + Level 0.0 Air Magic
 + Level 0.0 Earth Magic
 + Level 0.0 Poison Magic
 + Level 0.1 Invocations
 + Level 0.0 Evocations


You couldn't memorise any spells.
You didn't know any spells.
Your spell library was empty.

Dungeon Overview and Level Annotations

Branches:
Dungeon (1/15)

Altars:


Innate Abilities, Weirdness & Mutations

You have very sharp teeth.
Your uncanny sense of smell can sniff out nearby items.
Your experience applies equally to all skills.


Message History

You closely miss the goblin.
The goblin hits you with a +0 dagger of venom.
A rat comes into view.
You closely miss the goblin. The goblin barely misses you.
You barely miss the goblin. The goblin barely misses you.
You hit the goblin. You bite the goblin, but do no damage.
The goblin is moderately wounded.
The goblin hits you but does no damage.
You miss the goblin.
The goblin is moderately wounded.
The goblin closely misses you.
You closely miss the goblin.
The goblin is moderately wounded.
The goblin hits you with a +0 dagger of venom.
You are poisoned.
The goblin misses you.
You barely miss the goblin.
The goblin is moderately wounded.
You feel very sick. The goblin barely misses you.
You hit the goblin.
The goblin is severely wounded.
You feel very sick. The goblin hits you but does no damage.
You are lethally poisoned!
You hit the goblin but do no damage.
The goblin is severely wounded.
You feel very sick. The goblin hits you but does no damage.
You are too injured to fight recklessly!
You miss the goblin.
The goblin is severely wounded.
* * * LOW HITPOINT WARNING * * *
You feel very sick.
The goblin hits you with a +0 dagger of venom.
* * * LOW HITPOINT WARNING * * *
You are more poisoned.
You miss the goblin.
The goblin is severely wounded.
You die...

#.# #.# #. #?# ##
#####.######. #.# ..#
.............. ..# ...#
##.##.#####..###.##...#
.#.##.#####..........!
....................
##.##.#####......##.##.#
................@gr.....
##.##.####....#..##.##.#
...##.####....#..##
....................
..##..####.####..##.
...+..# #†# #..# #
#..##.# #.# #..# ...#|.#
#.# #..# ...#..# #.# #


You could see a goblin and a rat.

Vanquished Creatures
  An endoplasm (D:1)
  A ball python (D:1)
2 creatures vanquished.

Notes
Turn   | Place    | Note
-------+----------+-------------------------------------------
     0 | D:1      | MirrMurr the Gnoll Hunter began the quest for the Orb.
     0 | D:1      | Reached XP level 1. HP: 20/20 MP: 1/1
   116 | D:1      | Succumbed to a goblin's poison

Illustrated notes

Levels and vault maps discovered:
D:1:      dpeg_arrival_long_road, layout_basic

Action                   || total
-------------------------++-------
Melee: Short sword       ||    15
       Bite              ||     2
 Stab: Sleeping          ||     1
Armor: Leather armour    ||     5
Dodge: Dodged            ||     7

Table legend: (Time is in decaauts)
 A = Elapsed time spent in this place.
 B = Non-inter-level travel time spent in this place.
 C = Inter-level travel time spent in this place.
 D = Time resting spent in this place.
 E = Time spent auto-exploring this place.
 F = Levels seen in this place.
 G = Mean time per level.
                   A        B        C        D        E       F      G
               +--------+--------+--------+--------+--------+-----+--------+
         Total |    117 |    117 |      0 |      0 |     89 |   1 |  117.0 |
       Dungeon |    117 |    117 |      0 |      0 |     89 |   1 |  117.0 |
               +--------+--------+--------+--------+--------+-----+--------+

Top non-repeatable levels by time:
     D:1: 117 daAuts
